 Dungeon Sprint DCSS version 0.29-a0-1009-g60c99734e7 (webtiles) character file.

Game seed: 9140259185729964045

131 Hubris850 the Cleaver (level 5, -2/67 HPs)
             Began as a Hill Orc Monk on Aug 8, 2022.
             Was an Elder of Makhleb.
             Slain by Duvessa
             ... wielding a +0 short sword
              (15 damage)
             ... in the Dungeon (Sprint VII: "The Pits").
             The game lasted 00:02:40 (470 turns).

Hubris850 the Cleaver (Hill Orc Monk)                Turns: 470, Time: 00:02:41

Health: -2/67      AC:  2    Str: 16    XL:     5   Next: 14%
Magic:  8/11       EV: 13    Int: 10    God:    Makhleb [****..]
Gold:   0          SH:  0    Dex: 13    Spells: 4/4 levels left

rFire   . . .      SeeInvis .   j - +2 hand axe
rCold   . . .      Faith    .   (no shield)
rNeg    . . .      Spirit   .   b - +0 robe
rPois   .          Reflect  .   (no helmet)
rElec   .          Harm     .   (no cloak)
rCorr   .          Rampage  .   (no gloves)
Will    .....      NoTele   +   (no boots)
Stlth   ..........              (no amulet)
HPRegen 0.21/turn               (no ring)
MPRegen 0.12/turn               (no ring)

@: berserking, very quick
A: no striking features
a: Renounce Religion, Minor Destruction, Lesser Servant of Makhleb, Major
Destruction


You were in the Dungeon.
You worshipped Makhleb.
Makhleb was greatly pleased with you.
You visited 1 branch

Inventory:

Hand Weapons
 a - a +0 hand axe
 j - a +2 hand axe (weapon)
Armour
 b - a +0 robe (worn)
Scrolls
 i - a scroll of blinking
 l - 5 scrolls of amnesia
 m - a scroll of summoning
Potions
 c - a potion of ambrosia
 e - a potion of heal wounds
 f - a potion of haste
 g - 4 potions of magic
 h - a potion of berserk rage
 k - 2 potions of invisibility


   Skills:
 - Level 3.6 Fighting
 + Level 9.8 Axes
 - Level 3.5 Dodging
 - Level 1.5 Stealth
 + Level 8.1 Invocations


You had 4 spell levels left.
You didn't know any spells.
Your spell library was empty.

Dungeon Overview and Level Annotations

Branches:
Dungeon (1/1)

Altars:
Ashenzari
Cheibriados
Dithmenos
Elyvilon
Fedhas
Gozag
Hepliaklqana
Kikubaaqudgha
Makhleb
Nemelex Xobeh
Okawaru
Qazlal
Ru
Sif Muna
Trog
Uskayaw
Vehumet
Wu Jian
Xom
Yredelemnul
Zin
The Shining One
Beogh
Jiyva
Lugonu

Annotations:
D Duvessa


Message History

You feel yourself moving faster!
You feel mighty!
The endoplasm quivers.
You hit Dowan.
Dowan is moderately wounded.
You slash Dowan!
Dowan is severely wounded.
Dowan points at you and mumbles some strange words.
The puff of frost hits you.
The rat twitches its whiskers.
You slash Dowan!
You kill Dowan!
Makhleb accepts your kill.
Duvessa screams in rage.
Duvessa goes berserk!
A goblin comes into view. It is wielding a +0 club.
Your Axes skill increases to level 9!
Your Invocations skill gained 2 levels and is now at level 8!
You have reached level 5!
You feel stronger.
You barely miss the rat. You hit the rat.
You kill the rat!
Makhleb accepts your kill.
You feel better.
You slash the endoplasm!
You kill the endoplasm!
Makhleb accepts your kill.
You can now hurl Makhleb's greater destruction.
You feel better.
You slash Duvessa!
Duvessa is lightly wounded.
Duvessa hits you with a +0 short sword!
You hit Duvessa.
Duvessa is moderately wounded.
Duvessa hits you with a +0 short sword!
* * * LOW HITPOINT WARNING * * *
You hit Duvessa.
Duvessa is moderately wounded.
Duvessa hits you with a +0 short sword!
You die...

#_________.#
#_______...##########
##########'##........
#.?(.')))'.##......#.
##########.##........
#...........'........
+#####'#####......#.
#..#..#..##........
#.@)..'..#####'####
##e####+###.......#
.g. #.......# #....
#.......# #####+
#...<...# #.......#
#.......# #.......#
#########


You could see Duvessa (berserk) and a goblin.

Vanquished Creatures
  A scorpion (D)
  Dowan (D)
  A gnoll (D)
  A river rat (D)
  A ball python (D)
  A bat zombie (D)
  An endoplasm (D)
  A giant cockroach (D)
  A rat (D)
9 creatures vanquished.

Notes
Turn   | Place    | Note
-------+----------+-------------------------------------------
     0 | D        | Hubris850 the Hill Orc Monk began the quest for the Orb.
     0 | D        | Reached XP level 1. HP: 19/19 MP: 1/1
    36 | D        | Found a glowing golden altar of the Shining One.
    36 | D        | Found a glowing silver altar of Zin.
    36 | D        | Found a basalt altar of Yredelemnul.
    36 | D        | Found a shimmering altar of Xom.
    36 | D        | Found an ornate altar of the Wu Jian Council.
    36 | D        | Found a bloodstained altar of Trog.
    36 | D        | Found a shimmering blue altar of Sif Muna.
    36 | D        | Found a sacrificial altar of Ru.
    36 | D        | Found a stormy altar of Qazlal.
    36 | D        | Found an iron altar of Okawaru.
    36 | D        | Found a sparkling altar of Nemelex Xobeh.
    36 | D        | Found a burning altar of Makhleb.
    36 | D        | Found a viscous altar of Jiyva.
    36 | D        | Found a hazy altar of Hepliaklqana.
    36 | D        | Found an opulent altar of Gozag.
    36 | D        | Found a blossoming altar of Fedhas.
    36 | D        | Found a white marble altar of Elyvilon.
    36 | D        | Found a shadowy altar of Dithmenos.
    36 | D        | Found a snail-covered altar of Cheibriados.
    37 | D        | Found a radiant altar of Vehumet.
    37 | D        | Found a corrupted altar of Lugonu.
    37 | D        | Found a roughly hewn altar of Beogh.
    38 | D        | Found a hide-covered altar of Uskayaw.
    38 | D        | Found an ancient bone altar of Kikubaaqudgha.
    38 | D        | Found a broken altar of Ashenzari.
    44 | D        | Became a worshipper of Makhleb the Destroyer
    44 | D        | Reached * piety under Makhleb
    44 | D        | Reached ** piety under Makhleb
    60 | D        | Reached skill level 1 in Invocations
    70 | D        | Noticed a scorpion
    75 | D        | Reached skill level 5 in Axes
    75 | D        | Reached XP level 2. HP: 3/26 MP: 1/3
    78 | D        | Killed a scorpion
    79 | D        | Reached skill level 8 in Axes
    79 | D        | Reached XP level 3. HP: 10/31 MP: 1/7
    79 | D        | Reached XP level 4. HP: 13/39 MP: 1/8
   402 | D        | Reached *** piety under Makhleb
   460 | D        | Noticed Duvessa
   460 | D        | Noticed Dowan
   464 | D        | Killed Dowan
   465 | D        | Reached skill level 9 in Axes
   465 | D        | Reached XP level 5. HP: 36/45 MP: 8/11
   467 | D        | Reached **** piety under Makhleb
   470 | D        | Slain by Duvessa

Illustrated notes

Levels and vault maps discovered:
D:        pitsprint [storerooms_1, entrance_room_1, metal_vault_1, armoury_2,
          mini_pit_1, grid_room_1, main_hall_1, silver_pit, the_coven_3,
          the_vestibule_1, steel_vault_1, golden_pit, hallway_of_sentries,
          crystal_vault_4, iron_vault_5, final_vault]

Skill      XL: |  1  2  3  4 |
---------------+-------------+-----
Invocations    | 2 6 8 |  8.1
Axes           | 5 8 9 |  9.8
Dodging        | 3 |  3.5
Fighting       | |  3.6
Stealth        | |  1.5

Action                   |  1- 3 |  4- 6 || total
-------------------------+-------+-------++-------
Melee: Hand axe          |    12 |    15 ||    27
  Use: Potion            |     2 |     1 ||     3
 Stab: Sleeping          |     1 |       ||     1
Armor: Robe              |     1 |       ||     1
Dodge: Dodged            |     8 |     3 ||    11

Table legend: (Time is in decaauts)
 A = Elapsed time spent in this place.
 B = Non-inter-level travel time spent in this place.
 C = Inter-level travel time spent in this place.
 D = Time resting spent in this place.
 E = Time spent auto-exploring this place.
 F = Levels seen in this place.
 G = Mean time per level.
                   A        B        C        D        E       F      G
               +--------+--------+--------+--------+--------+-----+--------+
         Total |    477 |    477 |      0 |    379 |      0 |   1 |  477.0 |
       Dungeon |    477 |    477 |      0 |    379 |      0 |   1 |  477.0 |
               +--------+--------+--------+--------+--------+-----+--------+

Top non-repeatable levels by time:
       D: 477 daAuts
